 Dungeon Crawl Stone Soup version 0.26-a0-606-g3c8f2f65f7 (webtiles) character file.

Game seed: 7030984352914263421

30 ANON1729 the Insei (level 3, -5/21 HPs)
             Began as a Kobold Transmuter on Sept 2, 2020.
             Killed from afar by an orc wizard (9 damage)
             ... with a magic dart
             ... on level 4 of the Dungeon.
             The game lasted 00:02:14 (1672 turns).

ANON1729 the Insei (Kobold Transmuter)              Turns: 1672, Time: 00:02:14

Health: -5/21      AC:  2    Str:  7    XL:     3   Next: 37%
Magic:  6/6        EV: 15    Int: 15    God:
Gold:   53         SH:  0    Dex: 15    Spells: 1/7 levels left

rFire    . . .     SeeInvis .     - Unarmed
rCold    . . .     Faith    .   (shield restricted)
rNeg     . . .     Spirit   .   e - +0 robe (curse)
rPois    .         Reflect  .   (no helmet)
rElec    .         Harm     .   (no cloak)
rCorr    .                      (no gloves)
MR       .....                  (no boots)
Stlth    ++........             (no amulet)
HPRegen  0.07/turn              (no ring)
MPRegen  0.10/turn              (no ring)

@: no status effects
A: small, nightstalker 3
a: no special abilities


You were on level 4 of the Dungeon.
You visited 1 branch of the dungeon, and saw 3 of its levels.

You collected 53 gold pieces.

Inventory:

Armour
 a - a +0 robe
 e - a cursed +0 robe (worn)
Scrolls
 c - a scroll of enchant armour
 d - a scroll of immolation
 f - 3 scrolls of magic mapping


   Skills:
 + Level 1.7 Fighting
 + Level 2.8 Dodging
 + Level 3.3 Unarmed Combat
 + Level 2.5 Spellcasting
 + Level 2.3 Transmutations


You had one spell level left.
You knew the following spells:

 Your Spells              Type           Power        Failure   Level
a - Beastly Appendage     Tmut           #.....       9%          1
b - Wereblood             Tmut           #.......     12%         2
c - Spider Form           Tmut/Pois      #.........   36%         3

Your spell library contained the following spells:

 Spells                   Type           Power        Failure   Level
 Ice Form                 Ice/Tmut       #.......     78%         4
 Blade Hands              Tmut           #.........   92%         5


Dungeon Overview and Level Annotations

Branches:
Dungeon (2/15)

Altars:

Annotations:
D:4 Blork the orc, Eustachio


Innate Abilities, Weirdness & Mutations

You are small and have problems with some larger weapons.
You are completely attuned to the shadows.


Message History

The ooze closely misses you.
You hear a shout!
An orc comes into view. It is wielding a +0 trident.
The orc wizard casts a spell.
The orc wizard flickers and vanishes!
Deactivating autopickup; reactivate with Ctrl-A.
The orc wizard gestures at you while chanting.
The magic dart hits you.
* * * LOW HITPOINT WARNING * * *
The orc closely misses you.
You see here a scroll of identify.
Eustachio casts a spell.
Eustachio blinks!
The orc closely misses you.
Blork the orc comes into view.
He is wielding a +0 scimitar.
The orc wizard gestures at you while chanting.
The puff of flame hits something.
A magic dart appears from out of thin air!
The magic dart hits you!
You die...

.....# .....#
.....# .....#
....@# .....#
.o.J{#
.........o..#
...a.....@.o#
..........oo#
............#
..o.........#
.o..........#


You could see Eustachio, Blork the orc, an ooze and 2 orcs.

Vanquished Creatures
  A dart slug (D:1)
  2 giant cockroaches (D:1)
  10 goblins
  5 hobgoblins (D:1)
  6 bats (D:1)
  A kobold (D:1)
  3 rats (D:1)
28 creatures vanquished.

Notes
Turn   | Place    | Note
-------+----------+-------------------------------------------
     0 | D:1      | ANON1729 the Kobold Transmuter began the quest for the Orb.
     0 | D:1      | Reached XP level 1. HP: 12/12 MP: 3/3
   189 | D:1      | Reached XP level 2. HP: 16/16 MP: 5/5
   676 | D:1      | Reached XP level 3. HP: 8/20 MP: 4/6
   680 | D:1      | Learned a level 2 spell: Wereblood
   684 | D:1      | Learned a level 3 spell: Spider Form
  1653 | D:2      | You fall into a shaft and drop 2 floors!
  1654 | D:4      | Noticed Eustachio
  1671 | D:4      | Noticed Blork the orc
  1672 | D:4      | Killed from afar by an orc wizard

Illustrated notes

Levels and vault maps discovered:
D:1:      dpeg_arrival_round_c, layout_basic, minmay_tromino_v4_c
D:2:      layout_basic, overflow_temple_1_default,
          nicolae_overflow_crystal_walls, elyvilon_altar_5
D:4:      layout_basic, nicolae_overflow_hidden_temple, uniq_blork_the_orc,
          uniq_eustachio, uniq_natasha

Action                   || total
-------------------------++-------
Melee: Unarmed           ||   111
       Headbutt          ||     3
       Kick              ||     1
       Punch             ||     1
 Cast: Beastly Appendage ||     4
  Use: Scroll            ||     3
 Stab: Sleeping          ||     6
Armor: Robe              ||     7
Dodge: Dodged            ||    69

Table legend: (Time is in decaauts)
 A = Elapsed time spent in this place.
 B = Non-inter-level travel time spent in this place.
 C = Inter-level travel time spent in this place.
 D = Time resting spent in this place.
 E = Time spent auto-exploring this place.
 F = Levels seen in this place.
 G = Mean time per level.
                   A        B        C        D        E       F      G
               +--------+--------+--------+--------+--------+-----+--------+
         Total |   1664 |   1605 |     59 |    712 |    671 |   3 |  554.7 |
       Dungeon |   1664 |   1605 |     59 |    712 |    671 |   3 |  554.7 |
               +--------+--------+--------+--------+--------+-----+--------+

Top non-repeatable levels by time:
     D:1: 1610 daAuts
     D:2: 35 daAuts
     D:4: 18 daAuts
